 Dungeon Crawl Stone Soup version 0.19.4-8-ga85b6b9 (webtiles) character file.

953 Lennu the Cudgeler (level 8, -5/61 HPs)
             Began as a Formicid Fighter on Feb 9, 2017.
             Was a Follower of Okawaru.
             Slain by a troll (10 damage)
             ... on level 6 of the Dungeon.
             The game lasted 00:13:00 (6342 turns).

Lennu the Cudgeler (Formicid Fighter)               Turns: 6342, Time: 00:13:01

Health: -5/61      AC:  8    Str: 22    XL:     8   Next: 36%
Magic:  7/8        EV:  9    Int:  9    God:    Okawaru [*.....]
Gold:   283        SH: 10    Dex: 12    Spells: 0 memorised, 7 levels left

rFire  . . .     SeeInvis +     u - +4 mace
rCold  . . .     Gourm    .     b - +0 scale mail
rNeg   . . .     Faith    .     c - +0 shield
rPois  .         Spirit   .     (helmet unavailable)
rElec  .         Reflect  .     (no cloak)
rCorr  .         Harm     .     (no gloves)
MR     .....                    d - +0 pair of boots
Stlth  ..........               (no amulet)
                                x - +2 ring of strength
                                h - +4 ring of slaying

@: drained
A: permanent stasis, dig shafts and tunnels, four strong arms, antennae 3
a: Dig, Shaft Self, Heroism, Renounce Religion


You were on level 6 of the Dungeon.
You worshipped Okawaru.
Okawaru was aware of your devotion.
You were not hungry.

You visited 2 branches of the dungeon, and saw 7 of its levels.

You collected 283 gold pieces.

Inventory:

Hand Weapons
 a - a +1 flail
 u - a +4 mace (weapon)
Armour
 b - a +0 scale mail (worn)
 c - a +0 shield (worn)
 d - a +0 pair of boots (worn)
Jewellery
 h - a +4 ring of slaying (left hand)
 q - an uncursed ring of protection from cold
 t - an uncursed ring of stealth
 x - a +2 ring of strength (right hand)
Wands
 s - a wand of slowing (19/48)
Scrolls
 i - 3 scrolls of remove curse
 m - a scroll of identify
 r - 2 scrolls of magic mapping
 v - a scroll of recharging {unknown}
 w - a scroll of blinking {unknown}
Potions
 e - 4 potions of curing
 j - a potion of haste
 n - 2 potions of heal wounds
 p - a potion of brilliance
Comestibles
 f - 2 bread rations
 g - a fruit
 l - a slice of pizza
 o - 2 beef jerkies


   Skills:
 * Level 4.8(4.7) Fighting
 * Level 6.6(6.4) Maces & Flails
 * Level 5.1(5.0) Armour
 * Level 1.9(1.8) Dodging
 + Level 1.5(1.4) Stealth
 * Level 5.2(5.1) Shields


You had 7 spell levels left.
You didn't know any spells.

Dungeon Overview and Level Annotations

Branches:
Dungeon (6/15)             Temple (1/1) D:6

Altars:
Ashenzari
Cheibriados
Dithmenos
Elyvilon
Fedhas
Kikubaaqudgha
Okawaru
Qazlal
Ru
Sif Muna
Xom
The Shining One


Innate Abilities, Weirdness & Mutations

You are under a permanent stasis effect.
You can dig through walls and to a lower floor.
Your four strong arms can wield two-handed weapons with a shield.
You have a pair of large antennae on your head. (SInv)


Message History

The troll is heavily wounded.
The troll bites you! The troll closely misses you.
You block the troll's attack.
You closely miss the troll.
The troll is heavily wounded.
The troll bites you! The troll claws you but does no damage.
You block the troll's attack.
You sock the troll!
The troll is severely wounded.
You feel like a meek peon again. The troll bites you!
You block the troll's attack. The troll claws you!
* * * LOW HITPOINT WARNING * * *
You are too injured to fight recklessly!
You are too injured to fight recklessly!
You closely miss the troll.
The troll is severely wounded.
The troll bites you!
* * * LOW HITPOINT WARNING * * *
You block the troll's attack. The troll claws you!
You die...

.###.....z.....
###
#...........
...
.............
#.#
###########..o
#.# #.z. #.#
#..{ #.# #..{
#T# #.o? #@#
####.zo ##.####
#...... #.....#
#...... #.....#
#...... #.....#
#...... #.<...#
#...... #######
#......
........
....#...


You could see a troll.

Vanquished Creatures
  A water moccasin (D:6)
  A water moccasin skeleton (D:6)
  A scorpion (D:5)
  A howler monkey (D:6)
  A wight (D:5)
  2 crimson imps (D:6)
  A jelly (D:6)
  3 iguanas
  2 orc priests (D:5)
  4 orc wizards
  3 worker ants (D:4)
  7 gnolls (D:2)
  4 adders (D:3)
  A shadow imp (D:5)
  An ooze (D:2)
  3 worms
  A dart slug (D:3)
  4 leopard geckos
  19 orcs
  4 bats
  7 giant cockroaches
  5 goblins
  8 hobgoblins
  8 jackals
  9 kobolds
  7 frilled lizards
  A leopard gecko skeleton (D:6)
  8 rats
117 creatures vanquished.

Notes
Turn   | Place    | Note
-------+----------+-------------------------------------------
     0 | D:1      | Lennu the Formicid Fighter began the quest for the Orb.
     0 | D:1      | Reached XP level 1. HP: 18/18 MP: 1/1
   264 | D:1      | Reached XP level 2. HP: 20/24 MP: 2/2
   951 | D:2      | Reached XP level 3. HP: 29/29 MP: 3/3
  1545 | D:2      | Reached XP level 4. HP: 5/36 MP: 4/4
  1808 | D:2      | Reached skill level 3 in Maces & Flails
  2321 | D:2      | Reached XP level 5. HP: 40/42 MP: 5/5
  3187 | D:3      | Reached XP level 6. HP: 45/48 MP: 6/6
  3586 | D:3      | Found a blossoming altar of Fedhas.
  3921 | D:4      | Reached skill level 4 in Maces & Flails
  3921 | D:4      | Reached skill level 1 in Dodging
  4452 | D:4      | Reached skill level 1 in Stealth
  4467 | D:4      | HP: 2/49 [orc/flail (1)]
  5135 | D:5      | Entered Level 5 of the Dungeon
  5137 | D:5      | Reached XP level 7. HP: 55/55 MP: 7/7
  5345 | D:5      | Reached skill level 5 in Maces & Flails
  5862 | D:5      | Found a shadowy altar of Dithmenos.
  5862 | D:5      | Found a faded altar of an unknown god.
  5868 | D:5      | Found a faded altar of an unknown god.
  5870 | D:5      | Found a shattered altar of Ashenzari.
  5871 | D:5      | Found an ancient bone altar of Kikubaaqudgha.
  5954 | D:6      | Found a staircase to the Ecumenical Temple.
  5970 | Temple   | Entered the Ecumenical Temple
  5978 | Temple   | Became a worshipper of Warmaster Okawaru
  5989 | D:6      | Noticed a water moccasin
  5999 | D:6      | Killed a water moccasin
  5999 | D:6      | Reached skill level 6 in Maces & Flails
  5999 | D:6      | Reached skill level 5 in Shields
  5999 | D:6      | Reached XP level 8. HP: 45/61 MP: 8/8
  6012 | D:6      | Reached skill level 5 in Armour
  6072 | D:6      | Reached * piety under Okawaru
  6328 | D:6      | Noticed a troll
  6342 | D:6      | Slain by a troll

Skill      XL: |  1  2  3  4  5  6  7  8 |
---------------+-------------------------+-----
Shields        | 4 5 |  5.2
Maces & Flails | 3 4 6 |  6.6
Armour         | 4 5 |  5.1
Fighting       | 4 |  4.8
Dodging        | 1 |  1.9
Stealth        | 1 |  1.5

Action                   |  1- 3 |  4- 6 |  7- 9 || total
-------------------------+-------+-------+-------++-------
Melee: Flail             |    87 |   153 |    26 ||   266
       Mace              |       |       |    76 ||    76
Invok: Heroism           |       |       |     1 ||     1
  Use: Scroll            |     3 |     7 |     1 ||    11
       Potion            |       |     4 |     1 ||     5
 Stab: Sleeping          |       |     2 |       ||     2
  Eat: Chunk             |     2 |    10 |     5 ||    17
Armor: Scale mail        |    24 |       |    25 ||    49
       Robe              |     2 |    13 |       ||    15
Dodge: Dodged            |    28 |    61 |    33 ||   122
Block: Shield            |    50 |    59 |    43 ||   152
